 Dungeon Crawl Stone Soup version 0.22-a0-512-g0943f25 (webtiles) character file.

18 Mammok the Skirmisher (level 2, 0/27 HPs)
             Began as a Hill Orc Monk on June 18, 2018.
             Slain by an adder (3 damage)
             ... on level 2 of the Dungeon.
             The game lasted 00:04:26 (1138 turns).

Mammok the Skirmisher (Hill Orc Monk)               Turns: 1138, Time: 00:04:26

Health: 0/27       AC:  9    Str: 13    XL:     2   Next: 70%
Magic:  2/2        EV:  6    Int: 10    God:
Gold:   50         SH:  0    Dex: 13    Spells: 1/1 levels left

rFire    . . .     SeeInvis .   a - +0 falchion
rCold    . . .     Gourm    .   (no shield)
rNeg     . . .     Faith    .   i - +0 chain mail
rPois    .         Spirit   .   j - +0 helmet
rElec    .         Reflect  .   (no cloak)
rCorr    .         Harm     .   (no gloves)
MR       .....                  (no boots)
Stlth    ..........             (no amulet)
HPRegen  0.09/turn              (no ring)
MPRegen  0.08/turn              (no ring)

@: lethally poisoned (0 -> -7)
A: no striking features
a: no special abilities


You were on level 2 of the Dungeon.
You were not hungry.

You visited 1 branch of the dungeon, and saw 2 of its levels.

You collected 50 gold pieces.

Inventory:

Hand Weapons
 a - a +0 falchion (weapon)
Armour
 b - a +0 robe
 i - a +0 chain mail (worn)
 j - a +0 helmet (worn)
Scrolls
 g - a scroll of amnesia {unknown}
 h - a scroll of identify {unknown}
 l - 2 scrolls of remove curse {unknown}
Potions
 d - a potion of mutation {unknown}
 e - a potion of invisibility {unknown}
 f - a potion of ambrosia {unknown}
 k - a potion of agility {unknown}
 m - a potion of brilliance {unknown}
 o - a potion of cancellation {unknown}
Comestibles
 c - 5 rations


   Skills:
 + Level 4.1 Fighting
 + Level 3.8 Long Blades
 + Level 2.5 Dodging
 + Level 1.5 Stealth


You had one spell level left.
You didn't know any spells.
Your spell library was empty.

Dungeon Overview and Level Annotations

Branches:
Dungeon (2/15)

Altars:


Message History

The adder bites you but does no damage.
You miss the adder.
The adder is almost dead.
You feel sick. The adder bites you but does no damage.
The adder closely misses you.
You riposte.
You miss the adder.
The adder is almost dead.
You barely miss the adder.
The adder is almost dead.
The adder bites you but does no damage.
Your chain mail prevents you from hitting the adder.
The adder is almost dead.
The adder bites you but does no damage. The adder bites you.
* * * LOW HITPOINT WARNING * * *
You are more poisoned.
The adder poisons you!
You hit the adder.
The adder is almost dead.
* * * LOW HITPOINT WARNING * * *
You feel sick. The adder bites you.
You die...

..≈≈≈≈≈.......#
#..≈≈≈≈≈..#.###.#
#...P≈≈P..#.# #.#
#...≈≈≈≈≈.#.###.#
#!.≈P≈≈≈≈.......#
#...≈≈≈P≈.###.###
#....≈≈≈..........#
#...≈≈≈≈P..##...#...
.. #@≈≈≈≈≈..##...# #
##..#S.≈≈...###...#
.....>.)≈≈≈≈..###...#
...###..≈≈≈≈≈..##.<.#
#...≈≈≈≈≈.##...#
....P≈≈≈≈≈..#
.....≈≈≈≈≈≈≈......#
.....≈≈≈≈≈≈P≈.....#
.......≈≈≈≈P≈.##....


You could see an adder.

Vanquished Creatures
  A leopard gecko (D:1)
  A bat (D:1)
  2 giant cockroaches (D:1)
  A goblin (D:1)
  4 hobgoblins
  2 kobolds (D:1)
  3 frilled lizards (D:1)
  2 rats (D:1)
16 creatures vanquished.

Notes
Turn   | Place    | Note
-------+----------+-------------------------------------------
     0 | D:1      | Mammok the Hill Orc Monk began the quest for the Orb.
     0 | D:1      | Reached XP level 1. HP: 19/19 MP: 1/1
   212 | D:1      | Reached XP level 2. HP: 27/27 MP: 2/2
   259 | D:1      | Reached skill level 4 in Fighting
  1138 | D:2      | Slain by an adder

Vault maps used:
D:1:      saegor_arrival_simple_b
D:2:      first_ration, st_stairs_10, dk_vineyard_3, chequers_big_river,
          serial_bayou_pond_d

Skill      XL: |  1  2 |
---------------+-------+-----
Fighting       | 4 |  4.1
Long Blades    | |  3.8
Dodging        | |  2.5
Stealth        | |  1.5

Action                   || total
-------------------------++-------
Melee: Falchion          ||    62
  Use: Scroll            ||     1
  Eat: Chunk             ||     1
Armor: Chain mail        ||    17
       Robe              ||     3
Dodge: Dodged            ||    28
       Rpst.: Falchion   ||    12

Table legend:
 A = Spawn XP
 B = Non-spawn XP
 C = Spawn XP percentage of total XP
 D = Spawn monster count
 E = Non-spawn monster count
 F = Spawn count percentage of total count
 G = Total turns spent on level
                    A         B        C        D         E        F      G
               +---------+---------+-------+---------+---------+-------+---------
         Total |       0 |      27 |   0.0 |       0 |      16 |   0.0 |  1138
               +---------+---------+-------+---------+---------+-------+---------
           D:1 |       0 |      25 |   0.0 |       0 |      15 |   0.0 |  1002
           D:2 |       0 |       2 |   0.0 |       0 |       1 |   0.0 |   136
               +---------+---------+-------+---------+---------+-------+---------
